 Dungeon Crawl Stone Soup version 0.13-a0-2214-g11ebcbd (webtiles) character file.

339 Kae the Cudgeler (level 5, 0/46 HPs)
             Began as a Minotaur Berserker on July 3, 2013.
             Was a Believer of Trog.
             Slain by an orc (5 damage)
             ... on Level 3 of the Dungeon.
             The game lasted 00:02:02 (1700 turns).

Kae the Cudgeler (Minotaur Berserker)               Turns: 1700, Time: 00:02:02

HP   0/46        AC  2     Str 22      XL: 5   Next: 38%
MP   1/1         EV 13     Int  4      God: Trog [**....]
Gold 153         SH  0     Dex 10      Spells:  0 memorised,  4 levels left

Res.Fire  : . . .   See Invis. : .   a - +0 mace
Res.Cold  : + . .   Warding    : .   b - +0 animal skin
Life Prot.: . . .   Conserve   : .   (no shield)
Res.Poison: .       Res.Corr.  : .   (helmet restricted)
Res.Elec. : .       Clarity    : .   (no cloak)
Sust.Abil.: . .     Spirit.Shd : .   (no gloves)
Res.Mut.  : .       Stasis     : .   (no boots)
Res.Rott. : .       Flight     : .   (no amulet)
Saprovore : . . .                    (no ring)
                                     e - ring of protection from cold

@: regenerating, quite resistant to hostile enchantments, unstealthy
A: retaliatory headbutt, horns 2
a: Burn Spellbooks, Berserk, Trog's Hand, Renounce Religion


You were on level 3 of the Dungeon.
You worshipped Trog.
Trog was most pleased with you.
You were very hungry.

You visited 1 branch of the dungeon, and saw 3 of its levels.

You collected 133 gold pieces.

Inventory:

Hand weapons
 a - a +0,+0 mace (weapon)
Armour
 b - a +0 animal skin (worn)
Magical devices
 h - a wand of digging (10) {unknown}
Comestibles
 c - a bread ration
 l - a beef jerky
 p - a meat ration
Scrolls
 d - a scroll of blinking
 f - a scroll of fear {unknown}
 k - a scroll of remove curse {unknown}
 n - a scroll of amnesia {unknown}
 o - a scroll of curse armour {unknown}
Jewellery
 e - a ring of protection from cold (left hand)
Potions
 g - a potion of agility {unknown}
 i - a potion of might {unknown}
 j - a potion of slowing {unknown}


   Skills:
 + Level 4.6 Fighting
 + Level 5.0 Maces & Flails
 + Level 3.0 Armour
 + Level 4.1 Dodging
 + Level 0.1 Stealth
 + Level 0.6 Traps


You had 4 spell levels left.
You didn't know any spells.

Dungeon Overview and Level Annotations

Branches:
Dungeon (3/27)

Altars:
Makhleb


Innate Abilities, Weirdness & Mutations

You reflexively headbutt those who attack you in melee.
You have a pair of horns on your head.


Message History

You headbutt the orc wizard, but do no damage.
The orc wizard hits you with an orcish dagger.
The orc closely misses you.
Unknown command.
You hit the orc wizard but do no damage.
The orc wizard hits you with an orcish dagger.
The orc hits you with an orcish dagger. The orc hits you.
The orc wizard hits you with an orcish dagger.
* * * LOW HITPOINT WARNING * * *
The adder misses you.
You hit the orc wizard.
The orc wizard is lightly wounded.
The orc wizard gestures at you while chanting.
The puff of frost misses you. The orc barely misses you.
The orc closely misses you. The adder misses you.
The orc wizard gestures at you while chanting.
The magic dart hits you!
* * * LOW HITPOINT WARNING * * *
The orc barely misses you. The orc hits you.
You die...

..#.# #.##.# .# ..#.#
#.##.####.### ..#.#
#.##..........
....#####.##..........#
.......##.##..........#
......................#
.....................##.
................oo.w.....
..>....##.#.....@o...#
.................S...#
..........#..........#
.......####..........#
..............##....##
###########...##....#
#...##....# #...##....#
#...######


You could see a worm, an orc wizard, an adder and 2 orcs.

Vanquished Creatures
  An ice beast (D:3)
  5 adders
  A worm (D:3)
  2 giant geckos
  2 oozes (D:1)
  5 bats
  7 giant cockroaches
  4 goblins
  5 hobgoblins
  5 kobolds
  2 quokkas (D:2)
  A ball python (D:2)
  2 giant newts
  6 rats
48 creatures vanquished.

Vanquished Creatures (others)
  2 minotaurs (D:1)
  2 elves (D:1)
  A troll (D:1)
  2 vampires (D:1)
  2 dwarves (D:1)
  2 nagas (D:1)
  A kobold (D:1)
  7 tentacles (D:1)
  8 tentacle segments (D:1)
27 creatures vanquished.

Grand Total: 75 creatures vanquished

Notes
Turn   | Place    | Note
--------------------------------------------------------------
     0 | D:1      | Kae, the Minotaur Berserker, began the quest for the Orb.
     0 | D:1      | Reached XP level 1. HP: 19/19 MP: 0/0
     0 | D:1      | Noticed a troll
     0 | D:1      | Noticed a vampire
     0 | D:1      | Noticed a vampire
     0 | D:1      | Noticed a dwarf
     0 | D:1      | Noticed a naga
     0 | D:1      | Noticed a minotaur
     0 | D:1      | Noticed a kraken
     0 | D:1      | Noticed an elf
     0 | D:1      | Noticed an elf
     0 | D:1      | Noticed a minotaur
     0 | D:1      | Noticed a naga
     0 | D:1      | Noticed a dwarf
     3 | D:1      | Killed a dwarf
     3 | D:1      | Killed a vampire
     3 | D:1      | Killed a vampire
     3 | D:1      | Killed a naga
     4 | D:1      | Killed a naga
     5 | D:1      | Killed an elf
     7 | D:1      | Killed a troll
     7 | D:1      | Killed a minotaur
     7 | D:1      | Killed a dwarf
     8 | D:1      | Killed a minotaur
    11 | D:1      | Killed an elf
    50 | D:1      | Reached XP level 2. HP: 8/26 MP: 0/0
   362 | D:1      | Reached skill level 4 in Maces & Flails
   549 | D:1      | Acquired Trog's second power
   828 | D:2      | Reached XP level 3. HP: 23/33 MP: 1/1
   906 | D:2      | Found a burning altar of Makhleb.
  1361 | D:3      | Reached XP level 4. HP: 35/40 MP: 1/1
  1581 | D:3      | Noticed an ice beast
  1592 | D:3      | Killed an ice beast
  1592 | D:3      | Reached skill level 5 in Maces & Flails
  1592 | D:3      | Reached XP level 5. HP: 11/46 MP: 1/1
  1700 | D:3      | Slain by an orc

Action                   |  1- 3 |  4- 6 || total
-------------------------+-------+-------++-------
Melee: Mace              |    74 |    31 ||   105
Invok: Berserk           |     1 |     1 ||     2
       Trog's Hand       |       |     1 ||     1
  Use: Scroll            |     4 |       ||     4
